AoeStats
← CockandBalls

Nomad

503247891Analyzed
2v2 RM · 1mo ago on Aug 30, 2026· 26m 14s· 4 players
Game mode
Random Map
Map size
176×176
Population
200
Speed
Normal
Resources
Standard
Victory
Conquest
Starting age
Dark Age
Ending age
Imperial Age
RankedLock teamsTeams togetherTeam positionsShared explorationLock speedFull tech treeHidden civsTurbo modeCheats
Victory
Defeat
🇺🇸 Bohemians · United States
1043
+17
🇺🇸 Mapuche · United States
1016
+18
🇿🇦 Gurjaras · South Africa
1068
-18
🇫🇷 Georgians · France
1049
-17
Tavok42
6:01 Loom
12:48 Feudal Age
15:56 Town Watch
17:58 Fletching
19:09 Wheelbarrow
21:24 Double-Bit Axe
25:19 Castle Age
BLEEKBRAX
10:02 Loom
12:47 Feudal Age
15:31 Double-Bit Axe
15:41 Champi Runner
17:44 Forging
23:59 Castle Age
22:13 Horse Collar
23:51 Scale Mail Armor
24:36 Fletching
25:45 Champi Warrior
MYAC
5:31 Loom
13:19 Feudal Age
15:17 Double-Bit Axe
23:02 Bloodlines
24:26 Man-at-Arms
CockandBalls
4:37 Loom
5:33 Loom
14:04 Feudal Age
14:30 Double-Bit Axe
15:36 Wheelbarrow
14:53 Gold Mining
14:56 Man-at-Arms
15:33 Stone Mining
15:38 Horse Collar
22:15 Castle Age
20:49 Forging
21:25 Scale Mail Armor
21:32 Scale Barding Armor
21:57 Bloodlines
Connection lost

Rejoining the realm…

Still unreachable

The connection could not be restored.

Session expired

The server has moved on; the page needs a fresh start.